Map: Romanticide LE

Players

Scarlett

  • Race: Zerg Zerg
  • League: Master
  • Spawn Location: 5:00

Nina - Winner!

  • Race: Protoss Protoss
  • League: Grandmaster
  • Spawn Location: 11:00

Event: DreamHack SC2 Masters 2020 Winter

VOD

Have the link to the VOD?

Description

Time

  • Played on: Oct. 28, 2020, 5:08 p.m.
  • Length: 7:21

All games in this series

Show
View Real Time Build Order
Export as new Build Order

Scarlett Zerg 

Build Orders: Hatch First 

Get SALT Encoding   

  12  0:00  Drone  
  13  0:12  Overlord  
  13  0:17  Drone  
  14  0:30  Drone x2  
  16  0:47  Hatchery  
  15  0:50  Drone  
  15  0:54  Drone  
  17  0:57  Drone  
  18  1:09  Extractor  
  17  1:12  Spawning Pool  
  17  1:15  Drone  
  17  1:19  Drone  
  18  1:29  Drone  
  19  1:39  Drone  
  20  1:45  Extractor  
  19  1:55  Drone  
  21  2:04  Hatchery  
  21  2:07  Overlord  
  21  2:14  Queen  
  21  2:15  Hatchery  
  22  2:18  Metabolic Boost  
  22  2:28  Drone x2  
  24  2:34  Drone  
  25  2:43  Zergling x2  
  26  2:50  Queen  
  28  2:57  Zergling x2  
  29  3:15  Zergling x2  
  29  3:16  Queen  
  32  3:23  Zergling x4  
  32  3:26  Queen, Overlord  
  36  3:37  Zergling x2  
  36  3:38  Queen, Zergling x6  
  41  3:51  Drone  
  41  3:52  Drone x3  
  43  3:59  Drone  
  43  4:00  Drone x2  
  43  4:10  Drone x4  
  43  4:15  Spore Crawler  
  44  4:21  Spore Crawler  
  43  4:31  Drone x5  
  48  4:38  Overlord  
  48  4:39  Drone  
  49  4:47  Overlord  
  49  4:56  Spore Crawler  
  49  4:58  Drone x9  
  50  5:08  Drone x4  
  54  5:15  Drone x3, Unknown  
  54  5:16  Drone  
  54  5:20  Overlord  
  57  5:23  Drone x2  
  59  5:32  Overlord  
  59  5:35  Zergling x14  
  65  5:43  Roach Warren  
  65  5:45  Drone x4  
  65  5:48  Zergling x4  
  70  5:52  Overlord  
  70  6:06  Drone  
  70  6:07  Drone x2  
  70  6:10  Lair  
  73  6:13  Evolution Chamber  
  73  6:14  Overlord  
  73  6:15  Hatchery  
  73  6:16  Drone x4  
  73  6:17  Zergling x2  
  76  6:23  Roach x3  
  80  6:30  Roach x2, Zergling x2  
  82  6:37  Zergling x8  
  74  6:45  Roach  
  74  6:46  Roach x2, Zergling x2  
  69  6:55  Roach x2, Zergling x2  
  70  7:09  Drone  
  70  7:14  Spore Crawler  
Show
View Real Time Build Order
Export as new Build Order

Nina Protoss - Winner!

Build Orders: Oracle Opening 

Get SALT Encoding   

  12  0:00  Probe  
  13  0:12  Probe  
  14  0:18  Pylon  
  14  0:24  Probe  
  15  0:36  Probe (Chrono Boost)  
  15  0:39  Gateway  
  16  0:47  Assimilator  
  16  0:48  Probe (Chrono Boost)  
  17  0:52  Probe (Chrono Boost)  
  18  1:02  Forge  
  18  1:06  Probe  
  19  1:18  Probe  
  20  1:31  Pylon  
  20  1:34  Cybernetics Core  
  20  1:41  Pylon  
  20  1:42  Pylon  
  20  1:50  Photon Cannon  
  20  1:53  Photon Cannon  
  20  1:58  Probe  
  20  2:00  Assimilator  
  21  2:10  Probe  
  21  2:14  Stargate  
  22  2:20  Adept (Chrono Boost)  
  22  2:22  Probe  
  26  2:42  Nexus  
  27  2:51  Probe  
  27  2:55  Pylon  
  26  2:58  Oracle (Chrono Boost)  
  29  3:05  Probe  
  30  3:17  Warp Gate, Probe  
  30  3:18  Adept  
  33  3:30  Probe  
  33  3:32  Pylon  
  34  3:40  Oracle  
  37  3:42  Probe  
  36  3:54  Probe  
  37  3:59  Probe  
  37  4:01  Sentry  
  40  4:06  Probe  
  41  4:11  Probe  
  42  4:17  Twilight Council  
  42  4:18  Gateway, Probe (Chrono Boost)  
  42  4:22  Gateway  
  42  4:23  Probe (Chrono Boost)  
  44  4:30  Probe (Chrono Boost)  
  45  4:32  Gateway  
  45  4:33  Probe (Chrono Boost)  
  45  4:36  Probe (Chrono Boost)  
  47  4:40  Gateway  
  47  4:43  Probe  
  48  4:46  Phoenix (Chrono Boost)  
  50  4:52  Resonating Glaives (Chrono Boost)  
  50  4:53  Gateway  
  50  4:54  Probe  
  51  5:08  Probe  
  51  5:09  Pylon  
  51  5:12  Pylon, Adept  
  54  5:20  Assimilator, Pylon  
  54  5:27  Probe x2  
  56  5:30  Adept x2  
  60  5:41  Nexus  
  60  5:42  Adept  
  60  5:44  Adept  
  64  5:51  Adept x2  
  64  5:54  Adept  
  70  5:58  Adept  
  72  6:04  Adept x2  
  76  6:12  Pylon  
  76  6:13  Pylon  
  76  6:14  Adept  
  78  6:28  Robotics Facility  
  78  6:29  Pylon  
  78  6:45  Adept x6  
  87  7:03  Probe  
  87  7:05  Probe  
  81  7:11  Adept x5  
Tags
 
Add a new tag
Caveats
  • Supply blocks, unpowered buildings, or Contaminate may cause inaccurate times.
  • Supply counts are checked every 10 seconds.